[Event "ICC tourney 2349 (60 10)"]
[Site "Internet Chess Club"]
[Date "2021.01.31"]
[Round "6"]
[White "maxwellmassiah"]
[Black "ScorpianFire7"]
[Result "1-0"]
[ICCResult "Black resigns"]
[WhiteElo "1738"]
[BlackElo "1501"]
[Opening "Queen's pawn, Mason variation"]
[ECO "D00"]
[NIC "QP.08"]
[Time "16:02:18"]
[PlyCount "87"]
[TimeControl "3600+10"]

1. d4 d5 2. Bf4 Bf5 3. c4 e6 4. e3 Nf6 5. Nc3 Bd6 6. Bg3 Bxg3 7. hxg3 h6 8.
Qb3 Qc8 9. cxd5 c6 10. dxe6 Bxe6 11. Bc4 Bxc4 12. Qxc4 Qf5 13. Nf3 Nbd7 14.
O-O O-O 15. Rfe1 Nb6 16. Qb3 Ne4 17. Nxe4 Qxe4 18. Nd2 Qf5 19. e4 Qd7 20.
Nf3 Rad8 21. Rad1 Rfe8 22. Ne5 Qc7 23. Nc4 Nxc4 24. Qxc4 Qb6 25. Qc3 Rd7
26. Rd2 Red8 27. Red1 Re8 28. f3 Red8 29. Qb3 Qxb3 30. axb3 f6 31. Kf2 Kf7
32. Ke3 Ke6 33. g4 Rd6 34. f4 R6d7 35. f5+ Kf7 36. e5 fxe5 37. dxe5 Rxd2
38. Rxd2 Rxd2 39. Kxd2 Ke7 40. Kd3 b6 41. Kc4 Kd7 42. b4 Ke7 43. b5 c5 44.
Kd5 { Black resigns } 1-0

[Event "ICC tourney 2349 (60 10)"]
[Site "Internet Chess Club"]
[Date "2021.01.31"]
[Round "6"]
[White "fluffyhead101"]
[Black "elliswong"]
[Result "1-0"]
[ICCResult "Black resigns"]
[WhiteElo "1473"]
[BlackElo "1541"]
[Opening "Nimzovich-Larsen attack: Indian variation"]
[ECO "A01"]
[NIC "VO.08"]
[Time "16:02:42"]
[PlyCount "81"]
[TimeControl "3600+10"]

1. b3 Nf6 2. Bb2 Nc6 3. e3 e5 4. Bb5 d6 5. Nf3 Bd7 6. O-O a6 7. Bxc6 Bxc6
8. c4 g6 9. d4 e4 10. Nfd2 Bg7 11. Nc3 Qe7 12. Qc2 O-O 13. d5 Bd7 14. Ncxe4
Nxe4 15. Bxg7 Kxg7 16. Qxe4 Qd8 17. Qd4+ Kg8 18. h3 Re8 19. Nf3 Qe7 20.
Rfe1 a5 21. Re2 a4 22. b4 a3 23. b5 Ra4 24. Qc3 Rea8 25. Rb1 Qe4 26. Rc1
Bxh3 27. Nd2 Qg4 28. f3 Qg5 29. Ne4 Qh4 30. gxh3 Qxh3 31. Ng5 Qh6 32. Qf6
Rf8 33. Rh2 Qg7 34. Qxg7+ Kxg7 35. Rxh7+ Kg8 36. Kf2 Rfa8 37. Rxf7 Rb4 38.
Rh1 Rb2+ 39. Kg3 Rxa2 40. Rhh7 Ra4 41. Ne4 { Black resigns } 1-0

[Event "ICC tourney 2349 (60 10)"]
[Site "Internet Chess Club"]
[Date "2021.01.31"]
[Round "6"]
[White "sushimonster"]
[Black "Saga44"]
[Result "1-0"]
[ICCResult "Black resigns"]
[WhiteElo "1510"]
[BlackElo "974"]
[Opening "Scotch gambit: Dubois-Réti defense"]
[ECO "C55"]
[NIC "KP.02"]
[Time "16:02:35"]
[PlyCount "73"]
[TimeControl "3600+10"]

1. e4 e5 2. Nf3 Nc6 3. Bc4 Nf6 4. d4 exd4 5. e5 Ng4 6. Nxd4 Ngxe5 7. Nxc6
Nxc6 8. O-O Bc5 9. Qd5 Qe7 10. Bg5 f6 11. Bd2 Ne5 12. Re1 c6 13. Qe4 d5 14.
Bxd5 cxd5 15. Qxd5 Qd6 16. Qb3 Qb6 17. Qg3 O-O 18. Nc3 Ng6 19. Na4 Qb5 20.
Nxc5 Qxc5 21. Qb3+ Kh8 22. Bb4 Qc6 23. Bxf8 Nxf8 24. Re3 Ng6 25. Rae1 Bf5
26. Qf7 Bd7 27. Rc3 Qd6 28. Rd3 Qc6 29. Qxd7 Qxd7 30. Rxd7 Rb8 31. Red1 h6
32. Rd8+ Rxd8 33. Rxd8+ Kh7 34. Rd7 Ne5 35. Rxb7 Nc6 36. Rc7 Nb4 37. a3 {
Black resigns } 1-0

[Event "ICC tourney 2349 (60 10)"]
[Site "Internet Chess Club"]
[Date "2021.01.31"]
[Round "6"]
[White "MagicStar"]
[Black "Aeneas"]
[Result "1-0"]
[ICCResult "Black checkmated"]
[WhiteElo "2059"]
[BlackElo "1690"]
[Opening "Four knights: double Ruy Lopez"]
[ECO "C49"]
[NIC "KP.03"]
[Time "16:02:28"]
[PlyCount "63"]
[TimeControl "3600+10"]

1. e4 e5 2. Nf3 Nf6 3. Nc3 Nc6 4. Bb5 Bb4 5. O-O O-O 6. d3 h6 7. Bxc6 bxc6
8. Nxe5 Re8 9. f4 Qe7 10. Be3 Bb7 11. h3 d6 12. Ng4 Bc8 13. Qf3 Bd7 14. Ne2
Bxg4 15. hxg4 d5 16. e5 Nh7 17. c3 Ba5 18. Ng3 Bb6 19. d4 Rad8 20. b4 a5
21. a3 f6 22. Nf5 Qe6 23. Qh3 fxe5 24. fxe5 Qg6 25. Qh4 Rd7 26. Rf3 Ng5 27.
Bxg5 Qxg5 28. Qxg5 hxg5 29. Kh2 Ra8 30. e6 Rdd8 31. Ne7+ Kh7 32. Rh3# {
Black checkmated } 1-0

[Event "ICC tourney 2349 (60 10)"]
[Site "Internet Chess Club"]
[Date "2021.01.31"]
[Round "6"]
[White "Harveyli318"]
[Black "Christopher166"]
[Result "1/2-1/2"]
[ICCResult "Game drawn by mutual agreement"]
[WhiteElo "1704"]
[BlackElo "1872"]
[Opening "Queen's pawn, Mason variation, Steinitz counter-gambit"]
[ECO "D00"]
[NIC "QP.08"]
[Time "16:02:35"]
[PlyCount "131"]
[TimeControl "3600+10"]

1. d4 d5 2. Bf4 c5 3. e3 Nc6 4. c3 Bf5 5. Nf3 Nf6 6. Nbd2 e6 7. Be2 Be7 8.
Ne5 Nxe5 9. dxe5 Nd7 10. Nf3 O-O 11. h3 f6 12. exf6 Nxf6 13. Ne5 Nd7 14.
Bg4 Nxe5 15. Bxe5 Bd6 16. Bxd6 Qxd6 17. Bxf5 Rxf5 18. O-O Raf8 19. Qb3 b6
20. Rad1 Qc6 21. c4 Kh8 22. cxd5 exd5 23. Qd3 h6 24. f4 Qe6 25. g4 R5f7 26.
Rf3 Rd7 27. e4 Qxe4 28. Qxe4 dxe4 29. Rxd7 exf3 30. Rxa7 Rxf4 31. Kf2 Rd4
32. Kxf3 Rd3+ 33. Kf4 Rxh3 34. Rb7 h5 35. gxh5 Rxh5 36. Rxb6 c4 37. Rc6 Rh2
38. Kg5 Rxb2 39. Rxc4 Rxa2 40. Kg6 Ra6+ 41. Kg5 Rf6 42. Rc8+ Kh7 43. Rc3
Rg6+ 44. Kh5 Rh6+ 45. Kg5 Rh1 46. Rc6 Rg1+ 47. Kh4 g6 48. Rc7+ Kh6 49. Rc8
Re1 50. Rh8+ Kg7 51. Rc8 Re4+ 52. Kg5 Re5+ 53. Kg4 Kf7 54. Rc7+ Re7 55. Rc6
Re6 56. Rc7+ Kf6 57. Rb7 Re4+ 58. Kf3 Re5 59. Kg4 Re6 60. Rb1 Re4+ 61. Kf3
Kf5 62. Rb5+ Re5 63. Rxe5+ Kxe5 64. Kg3 Kf5 65. Kf3 Kg5 66. Kg3 { Game
drawn by mutual agreement } 1/2-1/2

[Event "ICC tourney 2349 (60 10)"]
[Site "Internet Chess Club"]
[Date "2021.01.31"]
[Round "6"]
[White "Pandemonium06"]
[Black "raawad"]
[Result "1-0"]
[ICCResult "Black checkmated"]
[WhiteElo "1378"]
[BlackElo "1442"]
[Opening "Caro-Kann: two knights variation"]
[ECO "B11"]
[NIC "CK.01"]
[Time "16:02:23"]
[PlyCount "71"]
[TimeControl "3600+10"]

1. e4 c6 2. Nc3 d5 3. Nf3 dxe4 4. Nxe4 Nf6 5. Ng3 Bg4 6. Bc4 e6 7. h3 Bxf3
8. Qxf3 Bd6 9. d3 O-O 10. Bg5 Nbd7 11. Ne4 Be7 12. h4 Ne5 13. Qe2 Nxc4 14.
dxc4 Nxe4 15. Qxe4 Bf6 16. c3 g6 17. Rd1 Qe7 18. Qf4 Bxg5 19. hxg5 f6 20.
gxf6 Rxf6 21. Qd6 Qf7 22. O-O Rf8 23. f3 Rf5 24. Rd3 e5 25. g4 Rf4 26. Qxe5
Rxg4+ 27. Kf2 Qxc4 28. Rd7 Rf7 29. Qe8+ Rf8 30. Qe5 Rf7 31. Rd8+ Rf8 32.
Rxf8+ Kxf8 33. fxg4 Qxg4 34. Ke3+ Kg8 35. Qe8+ Kg7 36. Qf8# { Black
checkmated } 1-0

[Event "ICC tourney 2349 (60 10)"]
[Site "Internet Chess Club"]
[Date "2021.01.31"]
[Round "6"]
[White "atharvamchess"]
[Black "HarperW"]
[Result "1-0"]
[ICCResult "Black resigns"]
[WhiteElo "1476"]
[BlackElo "1465"]
[Opening "Queen's pawn: London system"]
[ECO "A45"]
[NIC "QP.07"]
[Time "16:02:42"]
[PlyCount "79"]
[TimeControl "3600+10"]

1. d4 Nf6 2. Bf4 d5 3. e3 g6 4. Bd3 Bg7 5. Nf3 Bg4 6. Nbd2 e6 7. h3 Bxf3 8.
Nxf3 Nc6 9. c3 Nh5 10. Bh2 O-O 11. O-O Re8 12. Re1 e5 13. dxe5 Nxe5 14.
Nxe5 Bxe5 15. Bxe5 Rxe5 16. Be2 Qd7 17. Bg4 Qe7 18. Qc2 Nf6 19. Bf3 Rd8 20.
Rad1 c6 21. Qa4 Qd7 22. Qxa7 Rg5 23. Kh1 Qe7 24. Qd4 Rd6 25. c4 Ne8 26.
cxd5 cxd5 27. Qb4 Qd7 28. Bg4 Qd8 29. f4 Rxg4 30. hxg4 Qh4+ 31. Kg1 Qxg4
32. Qxb7 Rd7 33. Qc8 Kf8 34. Rxd5 Rc7 35. Qxg4 Nf6 36. Qf3 Nxd5 37. Qxd5 g5
38. Qd8+ Kg7 39. Qxg5+ Kh8 40. Qd8+ { Black resigns } 1-0

[Event "ICC tourney 2349 (60 10)"]
[Site "Internet Chess Club"]
[Date "2021.01.31"]
[Round "6"]
[White "speedyplot"]
[Black "rgolden277"]
[Result "1-0"]
[ICCResult "Black resigns"]
[WhiteElo "1855"]
[BlackElo "1554"]
[Opening "Ruy Lopez: Anderssen variation"]
[ECO "C77"]
[NIC "RL.12"]
[Time "16:02:19"]
[PlyCount "59"]
[TimeControl "3600+10"]

1. e4 e5 2. Nf3 Nc6 3. Bb5 a6 4. Ba4 Nf6 5. d3 b5 6. Bb3 d6 7. c3 Be7 8.
O-O O-O 9. Nbd2 Na5 10. Bc2 c5 11. Re1 Nc6 12. Nf1 Re8 13. Ng3 g6 14. d4
Qb6 15. dxc5 dxc5 16. Qe2 Bf8 17. h3 Bb7 18. Be3 Qc7 19. Rad1 Rad8 20. Rxd8
Rxd8 21. Rd1 Rxd1+ 22. Qxd1 c4 23. Qd2 a5 24. Bh6 Bxh6 25. Qxh6 Qe7 26. Nh4
Kh8 27. Nhf5 gxf5 28. Nxf5 Ne8 29. Nxe7 Nxe7 30. Qf8+ { Black resigns } 1-0

[Event "ICC tourney 2349 (60 10)"]
[Site "Internet Chess Club"]
[Date "2021.01.31"]
[Round "6"]
[White "jedimastermatt"]
[Black "K624"]
[Result "1-0"]
[ICCResult "Black resigns"]
[WhiteElo "1547"]
[BlackElo "1378"]
[Opening "King's Indian: London system"]
[ECO "A48"]
[NIC "QP.03"]
[Time "16:02:30"]
[PlyCount "127"]
[TimeControl "3600+10"]

1. d4 Nf6 2. Nf3 g6 3. Bf4 Bg7 4. e3 O-O 5. Be2 d6 6. h3 Nc6 7. Nbd2 Ne8 8.
O-O e5 9. Bh2 exd4 10. exd4 Nxd4 11. Nxd4 Bxd4 12. c3 Bg7 13. Nf3 Nf6 14.
Bd3 Re8 15. Qd2 Be6 16. Rfe1 Qd7 17. Re2 Re7 18. Rae1 Rae8 19. a3 Qd8 20.
Bg3 Bd5 21. Rxe7 Rxe7 22. Rxe7 Qxe7 23. Be2 Bc6 24. Nd4 Bd5 25. Nf3 Bc6 26.
Nd4 Qe8 27. Nxc6 Qxc6 28. Bf3 Qb6 29. Qe2 Kf8 30. Bf4 Ne8 31. Be3 c5 32.
Bf4 Qc7 33. Qe4 b6 34. Qa8 Qe7 35. Bc6 Qe1+ 36. Kh2 Be5 37. Qxe8+ Kg7 38.
Bxe5+ Qxe5+ 39. Qxe5+ dxe5 40. b4 cxb4 41. cxb4 f6 42. Kg3 Kf7 43. f4 exf4+
44. Kxf4 Ke6 45. g4 g5+ 46. Ke4 h6 47. b5 Kd6 48. Kf5 Ke7 49. Kg6 Kd6 50.
Kxf6 Kc5 51. Kg6 Kc4 52. Kxh6 Kb3 53. Kxg5 Kxa3 54. h4 Kb4 55. h5 Ka5 56.
h6 a6 57. bxa6 Kxa6 58. h7 b5 59. Bxb5+ Kxb5 60. h8=Q Kc4 61. Kf5 Kd3 62.
Qe8 Kd4 63. Qe5+ Kd3 64. Kf4 { Black resigns } 1-0

[Event "ICC tourney 2349 (60 10)"]
[Site "Internet Chess Club"]
[Date "2021.01.31"]
[Round "6"]
[White "PlayfulDolphin"]
[Black "TeeKay2020"]
[Result "1/2-1/2"]
[ICCResult "Game drawn by mutual agreement"]
[WhiteElo "1100"]
[BlackElo "1763"]
[Opening "French: Steinitz, Boleslavsky variation"]
[ECO "C11"]
[NIC "FR.04"]
[Time "16:02:20"]
[PlyCount "91"]
[TimeControl "3600+10"]

1. e4 e6 2. d4 d5 3. Nc3 Nf6 4. e5 Nfd7 5. f4 c5 6. Nf3 Nc6 7. Be3 a6 8. a4
Qb6 9. Rb1 cxd4 10. Nxd4 Bc5 11. Nce2 Nxd4 12. Bxd4 O-O 13. b4 Bxd4 14.
Qxd4 Qc7 15. g3 Nb6 16. Nc3 Bd7 17. a5 Rac8 18. Rb3 Na4 19. Kd2 Nxc3 20.
Rxc3 Qxc3+ 21. Qxc3 Rxc3 22. Kxc3 Rc8+ 23. Kb3 Bc6 24. Bd3 Kf8 25. Rd1 Ke7
26. c4 dxc4+ 27. Bxc4 Bf3 28. Rd6 Rc6 29. Rxc6 Bxc6 30. Kc3 Kd7 31. Kd4 Kc7
32. Kc5 Bd7 33. b5 axb5 34. Bxb5 Bxb5 35. Kxb5 h6 36. g4 g6 37. Kc5 Kd7 38.
Kb6 Kc8 39. a6 bxa6 40. Kxa6 Kb8 41. Kb6 Kc8 42. Kc6 Kd8 43. Kd6 Ke8 44. h4
h5 45. gxh5 gxh5 46. Kc5 { Game drawn by mutual agreement } 1/2-1/2

[Event "ICC tourney 2349 (60 10)"]
[Site "Internet Chess Club"]
[Date "2021.01.31"]
[Round "6"]
[White "ZhonglisMeteor"]
[Black "Zuiopal"]
[Result "1/2-1/2"]
[ICCResult "Game drawn by the 50 move rule"]
[WhiteElo "1425"]
[BlackElo "1654"]
[Opening "Queen's pawn: London system"]
[ECO "A45"]
[NIC "QP.05"]
[Time "16:02:31"]
[PlyCount "264"]
[TimeControl "3600+10"]

1. d4 Nf6 2. Bf4 e6 3. Nf3 b6 4. e3 Bb7 5. Nbd2 d6 6. c3 Nbd7 7. Bb5 a6 8.
Ba4 b5 9. Bc2 Qe7 10. O-O g6 11. Re1 Bg7 12. e4 e5 13. Bg3 O-O 14. d5 Nc5
15. c4 c6 16. b4 Ncd7 17. dxc6 Bxc6 18. a4 Rfd8 19. Qe2 bxa4 20. Bxa4 Bxa4
21. Rxa4 Nb6 22. Ra2 Qb7 23. c5 dxc5 24. bxc5 Nbd7 25. Qc4 Qc6 26. Ra5 h6
27. Rea1 Nh7 28. Nb3 Nb8 29. Bxe5 Qd7 30. h3 Qd3 31. Qxd3 Rxd3 32. R5a3 Nc6
33. Bxg7 Kxg7 34. Na5 Rxa3 35. Rxa3 Nxa5 36. Rxa5 Rc8 37. Kf1 Nf6 38. e5
Ne4 39. Rxa6 Nxc5 40. Ra5 Ne6 41. g3 Rc3 42. Ke2 Rc2+ 43. Ke3 Rc3+ 44. Ke2
Rc2+ 45. Ke1 Rb2 46. Ra3 Nc5 47. Nd2 Ne6 48. Rc3 Rb5 49. Nf3 Rb2 50. h4
Rb1+ 51. Kd2 Rb2+ 52. Rc2 Rb3 53. Rc3 Rb2+ 54. Ke3 Rb4 55. Kd3 Rb2 56. Nd2
Rb5 57. f4 Rd5+ 58. Ke3 g5 59. hxg5 hxg5 60. Nf3 gxf4+ 61. gxf4 Nc5 62. Ng5
f6 63. exf6+ Kxf6 64. Ne4+ Nxe4 65. Kxe4 Rd6 66. f5 Rb6 67. Rc4 Rd6 68. Kf4
Rb6 69. Re4 Rc6 70. Ra4 Rb6 71. Ra5 Rc6 72. Ke4 Rc4+ 73. Kd3 Rf4 74. Ra8
Rxf5 75. Rf8+ Kg5 76. Rg8+ Kf4 77. Ke2 Re5+ 78. Kf2 Rb5 79. Rf8+ Rf5 80.
Rd8 Re5 81. Rd3 Ke4 82. Re3+ Kd4 83. Rf3 Re4 84. Rf6 Re5 85. Rf4+ Re4 86.
Rf6 Re5 87. Rd6+ Rd5 88. Re6 Re5 89. Rb6 Rf5+ 90. Kg3 Rc5 91. Rb4+ Rc4 92.
Rb6 Rc5 93. Rd6+ Rd5 94. Rh6 Re5 95. Rh4+ Re4 96. Rh1 Re3+ 97. Kg2 Re2+ 98.
Kg3 Re3+ 99. Kg2 Re2+ 100. Kg3 Re3+ 101. Kg4 Re4+ 102. Kg5 Re5+ 103. Kg6
Re6+ 104. Kg7 Re7+ 105. Kf8 Re4 106. Rd1+ Ke5 107. Kf7 Rf4+ 108. Ke7 Re4
109. Kf8 Rf4+ 110. Kg7 Rg4+ 111. Kh6 Rh4+ 112. Kg5 Re4 113. Rc1 Kd5 114.
Kf6 Re6+ 115. Kf5 Re5+ 116. Kf4 Re4+ 117. Kf3 Rd4 118. Rb1 Rd3+ 119. Ke2
Rd4 120. Ke3 Re4+ 121. Kd3 Rd4+ 122. Kc3 Rc4+ 123. Kd3 Rd4+ 124. Ke3 Re4+
125. Kf3 Rd4 126. Rb5+ Kc4 127. Rb7 Rd3+ 128. Ke2 Rd5 129. Rb6 Rc5 130. Rb1
Rd5 131. Ke3 Rd3+ 132. Ke2 Rc3 { Game drawn by the 50 move rule } 1/2-1/2

[Event "ICC tourney 2349 (60 10)"]
[Site "Internet Chess Club"]
[Date "2021.01.31"]
[Round "6"]
[White "RogerZ"]
[Black "upcomingmaster"]
[Result "1-0"]
[ICCResult "Black checkmated"]
[WhiteElo "1930"]
[BlackElo "1654"]
[Opening "Petrov's defense"]
[ECO "C42"]
[NIC "RG.03"]
[Time "16:02:19"]
[PlyCount "71"]
[TimeControl "3600+10"]

1. e4 e5 2. Nf3 Nf6 3. Nxe5 Nc6 4. Nxc6 dxc6 5. Nc3 Bc5 6. Bc4 Ng4 7. Qf3
Ne5 8. Qe2 Qg5 9. f4 Qxf4 10. d4 Qf6 11. dxe5 Qxe5 12. Be3 Bb4 13. O-O Be6
14. Bxe6 fxe6 15. Qc4 Bxc3 16. bxc3 O-O-O 17. Bf4 Qh5 18. Qxe6+ Kb8 19. Qe7
Rc8 20. Qg5 Qe2 21. Rf2 Qxe4 22. Rb1 h5 23. Qc5 b6 24. Qd4 Qe7 25. a4 g5
26. Be5 Rhe8 27. Rxb6+ axb6 28. Qxb6+ Ka8 29. Qa6+ Kb8 30. Rf1 Qc5+ 31. Bd4
Qb6 32. Bxb6 cxb6 33. Qxb6+ Ka8 34. Rb1 Re7 35. Qa6+ Ra7 36. Qxc8# { Black
checkmated } 1-0

[Event "ICC tourney 2349 (60 10)"]
[Site "Internet Chess Club"]
[Date "2021.01.31"]
[Round "6"]
[White "ETfhonehome"]
[Black "rcww2020"]
[Result "0-1"]
[ICCResult "White checkmated"]
[WhiteElo "1303"]
[BlackElo "1674"]
[Opening "Sicilian: closed"]
[ECO "B23"]
[NIC "SI.44"]
[Time "16:02:17"]
[PlyCount "122"]
[TimeControl "3600+10"]

1. e4 c5 2. Nc3 e6 3. f4 Nc6 4. Nf3 Qc7 5. d3 a6 6. Be2 Nge7 7. O-O g6 8.
Qe1 Bg7 9. Kh1 Nd4 10. Nxd4 cxd4 11. Nd1 Qxc2 12. f5 gxf5 13. exf5 Nxf5 14.
Bg4 Ne7 15. Bg5 Qc5 16. Bh4 Ng6 17. Qf2 O-O 18. Bf6 Bxf6 19. Qxf6 Qe5 20.
Qf3 Qg7 21. Bh5 d5 22. Bxg6 fxg6 23. Qxf8+ Qxf8 24. Rxf8+ Kxf8 25. h4 e5
26. Nf2 Bd7 27. Re1 Re8 28. Kh2 Kg7 29. g4 Bc6 30. Nh3 e4 31. dxe4 dxe4 32.
Nf4 d3 33. Rd1 Kf6 34. Kg3 Ke5 35. Nxd3+ exd3 36. Re1+ Kf6 37. Rxe8 Bxe8
38. Kf2 Ke5 39. Ke3 Bb5 40. a3 d2 41. Kxd2 Kf4 42. Kc3 Kxg4 43. Kb4 Kxh4
44. Kc5 Kg3 45. Kd4 h5 46. b3 h4 47. a4 Bxa4 48. bxa4 h3 49. a5 h2 50. Kc5
h1=Q 51. Kb6 Qc6+ 52. Ka7 Kf3 53. Kb8 g5 54. Ka7 g4 55. Ka8 g3 56. Ka7 g2
57. Ka8 b6+ 58. Ka7 g1=R 59. Kxa6 b5+ 60. Ka7 Rg7+ 61. Kb8 Qe8# { White
checkmated } 0-1

[Event "ICC tourney 2349 (60 10)"]
[Site "Internet Chess Club"]
[Date "2021.01.31"]
[Round "6"]
[White "zsanwal"]
[Black "SimonMango"]
[Result "0-1"]
[ICCResult "White checkmated"]
[WhiteElo "922"]
[BlackElo "1149"]
[Opening "Sicilian: accelerated fianchetto, modern variation"]
[ECO "B34"]
[NIC "SI.31"]
[Time "16:02:25"]
[PlyCount "84"]
[TimeControl "3600+10"]

1. e4 c5 2. Nf3 Nc6 3. Nc3 g6 4. d4 cxd4 5. Nxd4 Bg7 6. Be3 Nf6 7. Bd3 d6
8. Bb5 Bd7 9. O-O O-O 10. Nf3 a6 11. Bxc6 Bxc6 12. Qd3 b5 13. a3 a5 14. b4
axb4 15. axb4 Rxa1 16. Rxa1 Nxe4 17. Nxe4 Bxa1 18. h3 Qa8 19. c3 Bxe4 20.
Qxb5 Bxf3 21. gxf3 Qxf3 22. Qf1 Bxc3 23. Qc4 Be5 24. Bh6 Ra8 25. Qf1 Ra1
26. Qxa1 Bxa1 27. b5 Qb7 28. Be3 Qxb5 29. Bh6 Qh5 30. Be3 Qxh3 31. Bg5 Qg4+
32. Kf1 Qxg5 33. Ke1 Bc3+ 34. Kf1 d5 35. f3 d4 36. Kf2 Qe3+ 37. Kg3 d3 38.
Kg4 d2 39. Kh4 d1=Q 40. Kh3 Qexf3+ 41. Kh4 Qd4+ 42. Kg5 Bd2# { White
checkmated } 0-1

[Event "ICC tourney 2349 (60 10)"]
[Site "Internet Chess Club"]
[Date "2021.01.31"]
[Round "6"]
[White "outpost"]
[Black "guineapig25"]
[Result "1/2-1/2"]
[ICCResult "Game drawn by mutual agreement"]
[WhiteElo "1799"]
[BlackElo "2044"]
[Opening "Sicilian: closed, 6.Be3"]
[ECO "B26"]
[NIC "SI.45"]
[Time "16:02:23"]
[PlyCount "64"]
[TimeControl "3600+10"]

1. e4 c5 2. Nc3 d6 3. g3 g6 4. Bg2 Bg7 5. d3 Nc6 6. Be3 e6 7. Qd2 Rb8 8.
Nge2 Nd4 9. Nc1 Ne7 10. Nd1 O-O 11. c3 Ndc6 12. Bh6 b6 13. O-O Bb7 14. Bxg7
Kxg7 15. f4 f5 16. Ne3 Qd7 17. Ne2 Rbe8 18. Bh3 d5 19. Rad1 dxe4 20. dxe4
Qxd2 21. Rxd2 Rd8 22. Rfd1 Rxd2 23. Rxd2 Rd8 24. Rxd8 Nxd8 25. exf5 exf5
26. Bg2 Bxg2 27. Kxg2 Kf6 28. Kf3 Ke6 29. Nc2 Nd5 30. c4 Nf6 31. Nc3 Nc6
32. h3 h6 { Game drawn by mutual agreement } 1/2-1/2

[Event "ICC tourney 2349 (60 10)"]
[Site "Internet Chess Club"]
[Date "2021.01.31"]
[Round "6"]
[White "Jerickjavier18"]
[Black "BlueberryAngel"]
[Result "0-1"]
[ICCResult "White checkmated"]
[WhiteElo "1331"]
[BlackElo "1427"]
[Opening "Robatsch (modern) defense"]
[ECO "B06"]
[NIC "KF.06"]
[Time "16:03:11"]
[PlyCount "156"]
[TimeControl "3600+10"]

1. e4 g6 2. Nf3 Bg7 3. Bc4 d6 4. Nc3 Nf6 5. d4 a6 6. h3 Nbd7 7. O-O O-O 8.
Be3 Re8 9. Ng5 e6 10. d5 e5 11. Qf3 h6 12. Nxf7 Kxf7 13. Ne2 Kg8 14. Qg3 g5
15. f3 Qe7 16. Bb3 Nf8 17. c4 b6 18. c5 bxc5 19. Bxc5 Kh7 20. Ba3 Ng6 21.
Rac1 Nh5 22. Qf2 Ngf4 23. Nxf4 Nxf4 24. Qe3 a5 25. Ba4 Rf8 26. Rc2 Ba6 27.
Re1 h5 28. Bb3 Nd3 29. Rd1 Nf4 30. Bc4 Bb7 31. Rdc1 Rfc8 32. Qd2 Ba6 33.
Bxa6 Rxa6 34. Rc3 Bf8 35. Qc2 Ra7 36. Kf1 Qd7 37. Rc6 Ng6 38. Qd2 Nf4 39.
Qe3 Ra6 40. Qd2 Rxc6 41. Rxc6 Ra8 42. Qc3 Ra7 43. Qb3 Qc8 44. Qb6 cxb6 45.
Rxc8 Kg7 46. Rb8 Rc7 47. b3 Rc2 48. Rxb6 Rxa2 49. Bxd6 Bxd6 50. Rxd6 Ra1+
51. Kf2 Ra2+ 52. Kf1 Rxg2 53. Rd7+ Kf6 54. Ra7 Ra2 55. d6 Ke6 56. d7 Rd2
57. Rxa5 Rxd7 58. Ra6+ Rd6 59. Rxd6+ Kxd6 60. Kf2 Kc5 61. Kg3 Kb4 62. h4
gxh4+ 63. Kxh4 Kxb3 64. Kg3 Kc4 65. Kh4 Kd4 66. Kg5 Ke3 67. Kf5 Kxf3 68.
Kxe5 h4 69. Kf5 h3 70. e5 h2 71. Kf6 h1=Q 72. Kf5 Qh5+ 73. Kf6 Ke4 74. e6
Qe5+ 75. Kf7 Qxe6+ 76. Kf8 Ng6+ 77. Kg7 Ne5 78. Kf8 Qf7# { White checkmated
} 0-1

[Event "ICC tourney 2349 (60 10)"]
[Site "Internet Chess Club"]
[Date "2021.01.31"]
[Round "6"]
[White "AstonRoberts"]
[Black "kaleblancman"]
[Result "1/2-1/2"]
[ICCResult "Game drawn by mutual agreement"]
[WhiteElo "1670"]
[BlackElo "1825"]
[Opening "Caro-Kann: Panov-Botvinnik attack, 5...e6"]
[ECO "B14"]
[NIC "NI.04"]
[Time "16:02:21"]
[PlyCount "113"]
[TimeControl "3600+10"]

1. e4 c6 2. d4 d5 3. exd5 cxd5 4. c4 Nf6 5. Nc3 e6 6. Nf3 Bb4 7. Be2 dxc4
8. Bxc4 O-O 9. O-O b6 10. a3 Bxc3 11. bxc3 Bb7 12. Bd3 Nbd7 13. Bc2 Qc7 14.
Bb2 Rac8 15. Rc1 Rfd8 16. Re1 a6 17. Qe2 b5 18. Ng5 Nf8 19. Ne4 Nxe4 20.
Bxe4 Bxe4 21. Qxe4 Qc6 22. Qxc6 Rxc6 23. f3 Ng6 24. Rc2 Rxd4 25. Kf2 Rd7
26. Re4 Rdc7 27. a4 Rc4 28. axb5 axb5 29. Rd2 h6 30. Rdd4 Rxd4 31. Rxd4 Rc4
32. Rxc4 bxc4 33. Ke3 e5 34. Ba3 f5 35. g3 Kf7 36. Bc5 Ke6 37. f4 exf4+ 38.
gxf4 Kf6 39. Bd4+ Kf7 40. Kf3 Ne7 41. h4 g6 42. Ke3 Nd5+ 43. Kf3 Ke6 44.
Kg3 Kd6 45. Be5+ Kc5 46. h5 gxh5 47. Kh4 Kb5 48. Kxh5 Ka4 49. Kg6 Kb3 50.
Kxf5 Nxc3 51. Bxc3 Kxc3 52. Kg6 Kb2 53. f5 c3 54. f6 c2 55. f7 c1=Q 56.
f8=Q Qg5+ 57. Kh7 { Game drawn by mutual agreement } 1/2-1/2

[Event "ICC tourney 2349 (60 10)"]
[Site "Internet Chess Club"]
[Date "2021.01.31"]
[Round "6"]
[White "davika21"]
[Black "anan193"]
[Result "1-0"]
[ICCResult "Black resigns"]
[WhiteElo "1898"]
[BlackElo "1626"]
[Opening "Sicilian: Alapin's variation (2.c3)"]
[ECO "B22"]
[NIC "SI.47"]
[Time "16:02:30"]
[PlyCount "81"]
[TimeControl "3600+10"]

1. e4 c5 2. c3 Nf6 3. e5 Nd5 4. d4 cxd4 5. Nf3 d6 6. cxd4 dxe5 7. dxe5 e6
8. Bc4 Nc6 9. O-O Be7 10. Nbd2 O-O 11. Ne4 a6 12. a4 Ncb4 13. Bg5 b6 14.
Bxe7 Qxe7 15. Nd6 Rd8 16. Qe2 Bb7 17. Rac1 Rxd6 18. exd6 Qxd6 19. Rfd1 Qf4
20. Qd2 Qf6 21. Qd4 Qg6 22. Bd3 Nxd3 23. Qxd3 Qf6 24. Qd4 Qg6 25. Ne5 Qg5
26. Nc6 Nf4 27. Qe4 Qg4 28. Ne7+ Kf8 29. Qxb7 Re8 30. Nc8 Ne2+ 31. Kf1 Nxc1
32. Rxc1 Qxa4 33. Nd6 Qf4 34. Rd1 Rd8 35. Qxb6 Qf6 36. b4 Rd7 37. Qxa6 Qd8
38. Qc6 Rc7 39. Qb6 Qd7 40. Qb8+ Ke7 41. Nf5+ { Black resigns } 1-0

[Event "ICC tourney 2349 (60 10)"]
[Site "Internet Chess Club"]
[Date "2021.01.31"]
[Round "6"]
[White "pvnieuwe"]
[Black "SuperBlueSky"]
[Result "1-0"]
[ICCResult "Black checkmated"]
[WhiteElo "1496"]
[BlackElo "1562"]
[Opening "Ruy Lopez: Anderssen variation"]
[ECO "C77"]
[NIC "RL.12"]
[Time "16:02:21"]
[PlyCount "79"]
[TimeControl "3600+10"]

1. e4 e5 2. Nf3 Nc6 3. Bb5 a6 4. Ba4 Nf6 5. d3 b5 6. Bb3 Be7 7. O-O Bb7 8.
Re1 d6 9. c3 O-O 10. Nbd2 Na5 11. Bc2 c5 12. Nf1 Re8 13. Ne3 g6 14. a3 Qc7
15. b4 Nc6 16. Bb3 Rad8 17. Ng5 Rf8 18. Qf3 Nb8 19. Ng4 Kg7 20. Bxf7 Bc8
21. Nxf6 Bxf6 22. Ne6+ Bxe6 23. Bxe6 cxb4 24. cxb4 Qc3 25. Be3 Bh4 26. Qh3
g5 27. Qg4 Qxd3 28. g3 h5 29. Qxh5 Qxe4 30. gxh4 Rh8 31. Qxg5+ Qg6 32. Kh1
Qxg5 33. Bxg5 Rdf8 34. Rg1 Kh7 35. Rac1 Kg6 36. Be7+ Kh5 37. Bxf8 a5 38.
Bf7+ Kxh4 39. Be7+ Kh3 40. Be6# { Black checkmated } 1-0

[Event "ICC tourney 2349 (60 10)"]
[Site "Internet Chess Club"]
[Date "2021.01.31"]
[Round "6"]
[White "aritroc"]
[Black "danilattack"]
[Result "1-0"]
[ICCResult "Black resigns"]
[WhiteElo "1917"]
[BlackElo "1785"]
[Opening "Benkö gambit"]
[ECO "A58"]
[NIC "BI.41"]
[Time "16:02:18"]
[PlyCount "87"]
[TimeControl "3600+10"]

1. d4 Nf6 2. c4 c5 3. d5 b5 4. cxb5 a6 5. bxa6 Bxa6 6. Nc3 g6 7. e4 Bxf1 8.
Kxf1 d6 9. g3 Bg7 10. Kg2 O-O 11. Nge2 Qb6 12. Rb1 Na6 13. b3 Rfb8 14. a4
Nb4 15. f3 Nd7 16. Nb5 Ne5 17. Be3 Qa5 18. Bd2 Rc8 19. Nc1 Qb6 20. Bxb4
cxb4 21. Nd3 Nxd3 22. Qxd3 Rc5 23. Rhc1 Rac8 24. Qd2 Bc3 25. Qd3 Bf6 26.
Rxc5 Qxc5 27. Rf1 Kg7 28. Rf2 h5 29. h4 Qc1 30. Re2 Qa1 31. Rc2 Rxc2+ 32.
Qxc2 Bd4 33. Nxd4 Qxd4 34. Qa2 e6 35. dxe6 fxe6 36. a5 d5 37. a6 dxe4 38.
a7 exf3+ 39. Kxf3 Qd5+ 40. Kf2 Qa8 41. Qa5 Qf8+ 42. Kg2 Qa8+ 43. Kh2 Kf6
44. Qg5+ { Black resigns } 1-0